 Seeded DCSS version 0.30-a0-930-gb9d0489357 (webtiles) character file.

Game seed: 3125986916090331667 (custom seed)

560 Parcival the Slasher (level 7, -1/55 HPs)
             Began as a Human Fighter on Mar 23, 2023.
             Slain by an ogre
             ... wielding a +0 giant club
              (6 damage)
             ... on level 5 of the Dungeon.
             The game lasted 00:07:49 (3380 turns).

Parcival the Slasher (Human Fighter)                Turns: 3380, Time: 00:07:50

Health: -1/55      AC: 11    Str: 31    XL:     7   Next: 57%
Magic:  0/7        EV:  9    Int:  8    God:
Gold:   728        SH:  0    Dex: 20    Spells: 6/6 levels left

rFire   + . .      SeeInvis +    e - +8 great sword "Urhieck" {flame, SInv}
rCold   + . .      Faith    .    (shield currently unavailable)
rNeg    . . .      Spirit   +    r - +1 chain mail of Supple Strength {Harm Str+3}
rPois   +          Reflect  .    (no helmet)
rElec   +          Rampage  .    t - +0 cloak
rCorr   +          Harm     + .  (no gloves)
Will    .....                    (no boots) Stlth
                                 q - amulet of guardian spirit
HPRegen 0.29/turn                h - +6 ring of strength
MPRegen 0.10/turn                d - ring "Zukleyt" {rElec Str+5 Dex+6}

@: lethally poisoned (-1 -> -4), resistant
A: no striking features
a: no special abilities


You were on level 5 of the Dungeon.
You visited 1 branch of the dungeon, and saw 5 of its levels.

You collected 728 gold pieces.

Inventory:

Hand Weapons
 a - a +2 long sword of flaming
 e - the +8 great sword "Urhieck" (weapon) {flame, SInv}
   (You acquired it on level 1 of the Dungeon)

   SInv:      It lets you see invisible.
Armour
 b - a +0 scale mail
 c - a +0 buckler
 r - the +1 chain mail of Supple Strength (worn) {Harm Str+3}
   (You found it on level 3 of the Dungeon)

   Str:       It affects your strength (+3).
   Harm:      It increases damage dealt and taken.
 t - a +0 cloak (worn)
Jewellery
 d - the ring "Zukleyt" (right hand) {rElec Str+5 Dex+6}
   (You acquired it on level 2 of the Dungeon)

   [ring of dexterity]

   Str:       It affects your strength (+5).
   Dex:       It affects your dexterity (+6).
   rElec:     It insulates you from electricity.
 h - a +6 ring of strength (left hand)
 l - an amulet of magic regeneration
 n - a ring of wizardry
 o - an amulet of reflection
 q - an amulet of guardian spirit (around neck)
Wands
 p - a wand of flame (13)
Scrolls
 f - 3 scrolls of teleportation
 g - a scroll of identify
Potions
 j - a potion of lignification
 m - a potion of might
 s - a potion of brilliance


   Skills:
 + Level 4.8 Fighting
 + Level 5.5 Long Blades
 + Level 4.5 Armour
 + Level 1.0 Dodging
 + Level 0.5 Stealth
 + Level 3.1 Shields


You had 6 spell levels left.
You didn't know any spells.
Your spell library contained the following spells:

 Spells                   Type           Power      Damage    Failure   Level
 Sandblast                Erth           0%         2d4       90%         1
 Passwall                 Tmut/Erth      0%         N/A       97%         2
 Sublimation of Blood     Necr           0%         N/A       97%         2
 Inner Flame              Hex/Fire       0%         N/A       99%         3
 Stone Arrow              Conj/Erth      0%         3d7       99%         3
 Flame Wave               Conj/Fire      0%         2d4       100%        4
 Petrify                  Tmut/Erth      0%         N/A       100%        4
 Sticky Flame             Conj/Fire      0%         2d3       100%        4
 Irradiate                Conj/Tmut      0%         3d11      100%        5


Dungeon Overview and Level Annotations

Branches:
Dungeon (5/15)
 Temple: D:4-7

Altars:
Hepliaklqana
Okawaru

Shops:
D:3 :   D:5 (*


Message History

A scorpion comes into view.
Found Istewn's Weapon Boutique.
You see here a +0 mace.
You barely miss the ogre. The ogre hits you with a +0 giant club!
The water moccasin bites you but does no damage.
You barely miss the ogre.
The water moccasin bites you but does no damage.
The ogre closely misses you. The water moccasin bites you.
You are poisoned.
The water moccasin poisons you!
You slash the ogre! You burn the ogre!
The ogre is almost dead.
You feel very sick.
The water moccasin bites you but does no damage.
The scorpion barely misses you.
The water moccasin bites you but does no damage.
The ogre hits you with a +0 giant club!
You feel much better.
You feel very sick.
The water moccasin bites you but does no damage.
The scorpion barely misses you. The ogre barely misses you.
The water moccasin bites you but does no damage.
You feel protected.
You feel sick. The scorpion barely misses you.
The water moccasin bites you but does no damage.
The scorpion stings you but does no damage.
You hit the water moccasin. You burn the water moccasin.
The water moccasin is moderately wounded.
You feel very sick.
The water moccasin bites you but does no damage.
The ogre hits you with a +0 giant club!!
* * * LOW HITPOINT WARNING * * *
The scorpion stings you but does no damage.
The water moccasin closely misses you.
You closely miss the water moccasin.
The water moccasin is moderately wounded.
You feel sick. The scorpion closely misses you. The water moccasin bites you!
* * * LOW HITPOINT WARNING * * *
The ogre hits you with a +0 giant club.
You die...

##........∩.
........♣.♣.
#........#.∩.
.......♣.♣.♣.
.............
##...#......
.####.sOS....$##
.......@.......#
###............#
##...........#
##......<..##
##.........#
#########.....
.##. .# #


You could see a water moccasin, an ogre and a scorpion.

Vanquished Creatures
  A water moccasin (D:4)
  A centaur (D:4)
  A scorpion (D:4)
  A jelly (D:4)
  2 orc priests (D:4)
  A sleepcap (D:4)
  2 iguanas (D:4)
  Natasha (D:2)
  A gnoll (D:1)
  3 adders
  A worm (D:2)
  2 dart slugs
  4 orcs
  7 endoplasms
  2 giant cockroaches
  5 hobgoblins
  4 jackals (D:4)
  11 kobolds
  4 quokkas
  9 ball pythons
  4 bats
  2 frilled lizards
  9 goblins
  4 rats
82 creatures vanquished.

Notes
Turn   | Place    | Note
-------+----------+-------------------------------------------
     0 | D:1      | Parcival the Human Fighter began the quest for the Orb.
     0 | D:1      | Reached XP level 1. HP: 18/18 MP: 1/1
    35 | D:1      | Identified a scroll of acquirement
    35 | D:1      | Acquired the +8 great sword "Urhieck" {flame, SInv}
   136 | D:1      | Reached XP level 2. HP: 24/24 MP: 2/2
   252 | D:1      | You fall into a shaft and drop 1 floor!
   397 | D:2      | Reached XP level 3. HP: 15/29 MP: 3/3
   796 | D:1      | Reached skill level 3 in Long Blades
   942 | D:2      | Reached XP level 4. HP: 35/35 MP: 4/4
  1461 | D:2      | Noticed Natasha
  1471 | D:2      | Killed Natasha
  1727 | D:2      | Acquired the ring "Zukleyt" {rElec Str+5 Dex+6}
  1842 | D:3      | Found an iron altar of Okawaru.
  1976 | D:3      | Found Digoh's Book Boutique.
  2009 | D:3      | Identified the +1 chain mail of Supple Strength {Harm
                  | Str+3}
  2113 | D:3      | Reached XP level 5. HP: 37/41 MP: 5/5
  2563 | D:4      | Noticed a centaur
  2565 | D:4      | Killed a centaur
  2566 | D:4      | Reached skill level 4 in Long Blades
  2569 | D:4      | Reached XP level 6. HP: 27/48 MP: 6/6
  2712 | D:4      | Reached skill level 5 in Long Blades
  2712 | D:4      | Reached XP level 7. HP: 54/54 MP: 7/7
  2743 | D:4      | Acquired 552 gold pieces
  2767 | D:4      | Noticed a water moccasin
  2773 | D:4      | Killed a water moccasin
  2774 | D:4      | Reached skill level 1 in Dodging
  2882 | D:4      | Found a hazy altar of Hepliaklqana.
  3358 | D:5      | Entered Level 5 of the Dungeon
  3364 | D:5      | Found Kuxiet's Assorted Antiques.
  3370 | D:5      | Noticed a water moccasin
  3373 | D:5      | Found Istewn's Weapon Boutique.
  3380 | D:5      | Slain by an ogre

Illustrated notes

Levels and vault maps discovered:
D:1:      amcnicky_arrival_single_pillar, layout_loops_cross,
          hangedman_glass_garden
D:2:      layout_loops_ring, dk_vineyard_1, uniq_natasha
D:3:      layout_basic, mainiacjoe_overflow_catwalk, serial_forest,
          infiniplex_forest_zigzag_1, infiniplex_forest_split,
          infiniplex_forest_end_double, infiniplex_forest_lined_room_,
          infiniplex_forest_corner_1, infiniplex_forest_lined_room_2,
          serial_shops, nicolae_shop_hallway_stairs
D:4:      layout_basic, old_standard_altar
D:5:      layout_rooms, minmay_temple_entry_drinking_statues,
          minmay_shop_grid_forest

Skill      XL: |  1  2  3  4  5  6  7 |
---------------+----------------------+-----
Long Blades    | 3 4 5 |  5.5
Armour         | 4 |  4.5
Fighting       | 4 |  4.8
Dodging        | 1 |  1.0
Stealth        | |  0.5
Shields        | |  3.1

Action                     |  1- 3 |  4- 6 |  7- 9 || total
---------------------------+-------+-------+-------++-------
  Melee: Great sword       |    54 |    56 |    33 ||   143
         Long sword        |     6 |       |       ||     6
    Use: Scroll            |     4 |     8 |     2 ||    14
         Potion            |     2 |     1 |     2 ||     5
 Armour: Scale mail        |    41 |    16 |       ||    57
         Chain mail        |       |    22 |    38 ||    60
  Dodge: Dodged            |    25 |    43 |    34 ||   102
  Block: Buckler           |     3 |       |       ||     3

Table legend: (Time is in decaauts)
 A = Elapsed time spent in this place.
 B = Non-inter-level travel time spent in this place.
 C = Inter-level travel time spent in this place.
 D = Time resting spent in this place.
 E = Time spent auto-exploring this place.
 F = Levels seen in this place.
 G = Mean time per level.
                   A        B        C        D        E       F      G
               +--------+--------+--------+--------+--------+-----+--------+
         Total |   3465 |   3404 |     61 |    165 |   2530 |   5 |  693.0 |
       Dungeon |   3465 |   3404 |     61 |    165 |   2530 |   5 |  693.0 |
               +--------+--------+--------+--------+--------+-----+--------+

Top non-repeatable levels by time:
     D:2: 1048 daAuts
     D:4: 813 daAuts
     D:1: 803 daAuts
     D:3: 776 daAuts
     D:5: 24 daAuts
